 Dungeon Crawl Stone Soup version 0.21.0-25-ge575cb9 (webtiles) character file.

209392 Moloch the Phalangite (level 18, -9/153 HPs)
             Began as a Mummy Fighter on Jan 22, 2018.
             Was the Champion of Okawaru.
             Killed from afar by Bai Suzhen (31 damage)
             ... with a torrent of water
             ... on level 3 of the Swamp on Jan 23, 2018.
             The game lasted 01:41:27 (46016 turns).

Moloch the Phalangite (Mummy Fighter)              Turns: 46016, Time: 01:41:28

Health: -9/153     AC: 25    Str: 25    XL:     18   Next: 15%
Magic:  18/18      EV: 10    Int: 13    God:    Okawaru [******]
Gold:   2170       SH:  0    Dex: 18    Spells: 17/17 levels left

rFire    . . .     SeeInvis .   n - +7 bardiche (freeze)
rCold    + + +     Gourm    .   (shield currently unavailable)
rNeg     + + +     Faith    +   W - +10 plate armour of the Blessed Realm {rElec Str+4 Int+3}
rPois    ∞         Spirit   .   o - +0 helmet
rElec    +         Reflect  .   p - scarf {repulsion}
rCorr    .         Harm     .   r - +1 pair of gloves "Irhido" {*Contam rC++ Int+3 Stlth+}
MR       ++...                  v - +0 pair of boots
Stlth    ..........             q - amulet of faith
HPRegen  0.35/turn              e - +4 ring of evasion
MPRegen  0.16/turn              K - ring of protection from fire

@: very slightly contaminated, repel missiles
A: no food or potions, fire vulnerability, cold resistance 1, negative energy
resistance 3, torment resistance, unbreathing, in touch with death 1
}: 1/15 runes: serpentine
a: Heroism, Finesse, Renounce Religion


You were on level 3 of the Swamp.
You worshipped Okawaru.
Okawaru was exalted by your worship.
You were not hungry.

You visited 6 branches of the dungeon, and saw 32 of its levels.
You also visited: Labyrinth, Bailey and Ice Cave.

You collected 3511 gold pieces.
You spent 1341 gold pieces at shops.

Inventory:

Hand Weapons
 m - a +0 blowgun
 n - a +7 bardiche of freezing (weapon)
 s - a +0 halberd of flaming
 V - a +1 antimagic glaive
Missiles
 C - 2 throwing nets (quivered)
Armour
 h - a +2 cloak of invisibility
 o - a +0 helmet (worn)
 p - a scarf of repulsion (worn)
 r - the +1 pair of gloves "Irhido" (worn) {*Contam rC++ Int+3 Stlth+}
   (Okawaru gifted it to you on level 3 of the Snake Pit)

   It affects your intelligence (+3).
   It greatly protects you from cold.
   It causes magical contamination when unequipped.
   It makes you more stealthy.
 v - a +0 pair of boots (worn)
 A - the +15 plate armour of Masochism {rCorr}
   (You found it in a labyrinth)

   It protects you from acid and corrosion.
 E - quicksilver dragon scales
 I - the +1 ring mail of the Townfolk {*Slow rC+ rN+}
   (You found it on level 9 of the Dungeon)

   It protects you from cold.
   It protects you from negative energy.
   It may slow you when you take damage.
 W - the +10 plate armour of the Blessed Realm (worn) {rElec Str+4 Int+3}
   (You found it on level 5 of the Lair of Beasts)

   It affects your strength (+4).
   It affects your intelligence (+3).
   It insulates you from electricity.
Jewellery
 e - a +4 ring of evasion (left hand)
 g - an uncursed ring of see invisible
 q - an amulet of faith (around neck)
 t - an uncursed ring of flight
 y - an uncursed ring of protection from magic
 K - a ring of protection from fire (right hand)
 N - the ring of Qazlal's Generosity {rC+ Str+4}
   (You found it in a labyrinth)

   [ring of protection from cold]

   It affects your strength (+4).
   It protects you from cold.
Wands
 u - a wand of polymorph (9)
 z - a wand of paralysis (34)
 F - a wand of digging (17)
 M - a wand of disintegration (29)
 P - a wand of clouds (9)
 S - a wand of acid (15)
 T - a wand of scattershot (9)
Scrolls
 a - 3 scrolls of summoning
 c - 6 scrolls of enchant armour
 d - 22 scrolls of teleportation
 f - 3 scrolls of magic mapping
 i - 16 scrolls of remove curse
 j - 6 scrolls of fog
 k - 4 scrolls of blinking
 l - 5 scrolls of amnesia
 w - a scroll of torment
 x - 3 scrolls of brand weapon
 B - a scroll of fear
 J - 2 scrolls of vulnerability
 U - 12 scrolls of identify
Books
 D - a book of the Warp

   Spells                             Type                      Level
   a - Gell's Gravitas                Translocation                3
   b - Portal Projectile              Hexes/Translocation          3
   c - Force Lance                    Conjuration/Translocation    4
   d - Dispersal                      Translocation                6
   e - Controlled Blink               Translocation                8
   f - Disjunction                    Translocation                8
 G - a book of Clouds

   Spells                             Type                      Level
   a - Poisonous Vapours              Poison/Air                   2
   b - Mephitic Cloud                 Conjuration/Poison/Air       3
   c - Conjure Flame                  Conjuration/Fire             3
   d - Freezing Cloud                 Conjuration/Ice/Air          6
   e - Ring of Flames                 Charms/Fire                  7
Miscellaneous
 b - a lamp of fire (inert)
 L - a fan of gales


   Skills:
 + Level 16.6 Fighting
 + Level 22.1 Polearms
 - Level 2.4 Armour
   Level 2.4 Shields


You had 17 spell levels left.
You didn't know any spells.

Dungeon Overview and Level Annotations

Branches:
Dungeon (15/15)            Temple (1/1) D:5            Lair (6/6) D:8
  Swamp (4/4) Lair:4        Snake (4/4) Lair:2        Slime (0/5) Lair:6
    Orc (2/2) D:10            Elf (0/3) Orc:2        Vaults (0/5) D:14
 Depths (0/5) D:15

Altars:
Ashenzari
Cheibriados
Dithmenos
Elyvilon
Gozag
Hepliaklqana
Kikubaaqudgha
Makhleb
Nemelex Xobeh
Okawaru
Ru
Sif Muna
Uskayaw
Wu Jian
Xom
Yredelemnul
The Shining One
Beogh
Jiyva

Shops:
D:5 *   D:11 =   Orc:2 }}}?   Snake:1 %=?   Snake:3 (

Annotations:
D:13 exclusion: obsidian statue
Swamp:3 exclusion: downstairs, Bai Suzhen


Innate Abilities, Weirdness & Mutations

You do not eat or drink.
Your flesh is vulnerable to fire.
You are immune to poison.
Your flesh is cold resistant. (rC+)
You are immune to negative energy. (rN+++)
You are immune to unholy pain and torment.
You can survive without breathing.
You are in touch with the powers of death.


Message History

Okay, then.
Evoke which item? (* to show all) (? for menu, Esc to quit)
Aiming: Cloud Cone
Press: ? - help, Dir - move target cursor, f - you, p - Bai Suzhen
Okay, then.
Evoke which item? (* to show all) (? for menu, Esc to quit)
Aiming: Disintegrate
Press: ? - help, Shift-Dir - straight line, f/p - Bai Suzhen
Aim: Bai Suzhen (thunder, water, almost dead, fast, chance to defeat MR: 7%) Bai Suzhen resists with almost no effort.
Evoke which item? (* to show all) (? for menu, Esc to quit)
Aiming: Corrosive Bolt
Press: ? - help, Shift-Dir - straight line, f/p - Bai Suzhen
Aim: Bai Suzhen (thunder, water, almost dead, fast)
The bolt of acid hits Bai Suzhen.
Bai Suzhen is splashed with acid.
The acid corrodes Bai Suzhen!
Bai Suzhen is almost dead.
Bai Suzhen breathes water at you. The torrent of water hits you!
You die...

...≈≈≈≈≈≈≈≈..≈≈..≈.≈≈≈♣.≈≈≈≈≈.≈.≈
..≈≈≈≈≈≈.≈.<≈§.♣♣♣≈≈≈.♣.≈≈≈≈≈.)♣♣
.......≈♣♣♣%≈≈≈.♣♣♣♣♣♣♣..≈≈≈...≈♣
....♣♣≈.<§§..≈≈.♣♣♣♣♣♣≈.♣♣...♣♣♣♣
..≈≈♣≈..≈≈....§.♣♣.§♣♣≈≈♣♣...♣
≈≈≈≈..♣.≈≈.♣♣≈≈≈♣.≈≈≈.≈♣≈..≈♣♣
≈....♣♣♣♣≈≈♣♣§≈≈≈≈≈≈.≈≈.....♣♣
♣♣♣♣♣...♣♣♣♣♣.)≈≈≈≈≈..≈..≈..≈♣
♣♣≈..♣ ♣♣♣♣@≈≈≈...>...♣♣♣ ♣♣[≈≈.♣
♣≈≈..§.≈≈≈≈≈÷≈≈♣ ♣♣♣...≈≈♣
♣.≈≈≈.§≈≈≈≈≈.♣♣♣
≈≈≈≈....♣♣♣♣♣..≈..≈§§≈≈.≈♣
≈≈≈≈...♣♣♣≈...♣..§§§≈≈≈≈♣♣
≈≈≈≈≈≈.♣≈.≈.≈.≈≈≈§D§§D.♣♣
.≈≈≈≈≈..≈..♣..♣♣.§§§§.≈♣
≈.≈≈§≈..♣♣♣♣♣≈♣♣♣.§≈≈.♣♣♣
.≈≈.....♣♣♣♣≈≈♣ ♣♣♣.§§D)♣ ♣♣♣♣


You could see Bai Suzhen and a four-headed hydra.

Vanquished Creatures
  Jorgrun (Swamp:3)
  The ghost of microfolk the Bludgeoner, an adept GrBe of Trog (Snake:3)
  5 thorn hunters
  Kirke (Snake:4)
  9 nagarajas
  Aizul (Swamp:2)
  An orc warlord (Orc:2)
  A dire elephant (Lair:6)
  A minotaur (Lab)
  Josephine (Swamp:1)
  4 vault guards
  A yaktaur captain (D:15)
  12 naga warriors
  2 ice dragons (IceCv)
  6 anacondas
  A ghost crab (Swamp:2)
  17 hydras
  2 centaur warriors
  3 death yaks
  5 two-headed ogres
  A tengu warrior (D:15)
  5 alligators
  4 orc high priests (Orc:2)
  Urug (D:10)
  9 naga sharpshooters
  Nergalle (Lair:3)
  6 shock serpents
  Sonja (D:15)
  A salamander mystic (Snake:4)
  A spriggan druid (Swamp:3)
  8 sea snakes (Snake:4)
  A wolf spider zombie (D:13)
  2 unseen horrors (D:12)
  3 naga ritualists
  9 swamp dragons
  A wizard (D:15)
  6 mana vipers
  2 necromancers
  5 orc knights
  A wolf spider (D:15)
  6 deep elf magi
  5 orc sorcerers (Orc:2)
  19 ugly things
  2 manticores
  Maurice (Orc:2)
  11 salamanders
  33 black mambas
  8 guardian serpents
  4 centaur zombies
  13 naga magi
  Joseph (D:10)
  2 ice statues (IceCv)
  37 spiny frogs
  4 gargoyles
  6 rime drakes
  3 centaur skeletons
  A komodo dragon (shapeshifter) (D:12)
  A yaktaur (D:15)
  4 kobold demonologists (D:14)
  7 komodo dragons
  An efreet (D:13)
  A freezing wraith (D:14)
  A queen bee (Lair:1)
  6 trolls
  7 hornets
  Grinder (D:3)
  9 tyrant leeches
  5 bog bodies
  13 slime creatures
  22 blink frogs
  10 dream sheep
  12 hippogriffs
  A shadow (D:14)
  5 wraiths (Swamp:1)
  5 spriggans
  3 hogs (Snake:4)
  5 wyverns
  38 yaks
  9 basilisks
  A steam dragon (D:12)
  26 vampire mosquitoes
  2 hungry ghosts
  6 wargs
  Menkaure (D:4)
  18 swamp worms
  42 nagas
  24 insubstantial wisps
  Duvessa (D:7)
  2 acid dragons
  8 porcupines
  9 swamp drakes
  11 water moccasins
  18 ice beasts
  4 sky beasts
  3 black bears
  37 orc warriors
  A necrophage (D:15)
  An elephant zombie (Lair:5)
  4 wolves (Lair:6)
  3 centaurs
  19 ogres
  A phantom (D:6)
  10 crocodiles
  Blork the orc (D:6)
  2 big kobolds
  25 bullfrogs
  A wyvern zombie (D:15)
  4 wyvern skeletons
  2 water moccasin zombies
  Dowan (D:7)
  2 scorpions
  24 killer bees (Lair:1)
  5 wights
  7 howler monkeys
  6 electric eels
  3 crimson imps
  A bullfrog zombie (D:12)
  2 basilisk zombies (Lair:5)
  4 hounds
  A quasit (D:11)
  3 jellies
  29 orc priests
  21 orc wizards
  3 bullfrog skeletons
  5 iguanas
  16 worker ants
  2 polar bear simulacra (Lair:2)
  6 yak simulacra (Lair:2)
  A wolf simulacrum (Lair:2)
  A crocodile zombie (Lair:5)
  3 hound skeletons
  2 worker ant zombies
  A howler monkey zombie (D:7)
  16 gnolls
  9 adders
  2 shadow imps
  3 oozes
  An adder skeleton (D:7)
  4 worms
  2 dart slugs
  A leopard gecko (D:1)
  114 orcs
  4 ball pythons
  9 bats
  9 giant cockroaches
  10 hobgoblins
  8 jackals
  2 quokkas
  2 frilled lizards
  20 goblins
  A jackal skeleton (D:4)
  20 kobolds
  A leopard gecko skeleton (D:8)
  2 quokka skeletons
  9 rats
  2 river rat simulacra (Lair:2)
  2 briar patches
1154 creatures vanquished.

Vanquished Creatures (others)
  A salamander (Snake:1)
  A human (Snake:4)
  A naga (Snake:2)
  4 briar patches
  26 fungi
  56 plants
89 creatures vanquished.

Grand Total: 1243 creatures vanquished

Notes
Turn   | Place    | Note
-------+----------+-------------------------------------------
     0 | D:1      | Moloch the Mummy Fighter began the quest for the Orb.
     0 | D:1      | Reached XP level 1. HP: 18/18 MP: 1/1
    68 | D:1      | Reached skill level 2 in Polearms
    68 | D:1      | Reached XP level 2. HP: 24/24 MP: 2/2
   275 | D:1      | Reached XP level 3. HP: 29/29 MP: 3/3
   906 | D:2      | Reached skill level 3 in Polearms
  1098 | D:1      | Reached XP level 4. HP: 23/37 MP: 4/4
  1416 | D:2      | Found a hide-covered altar of Uskayaw.
  1442 | D:2      | Reached XP level 5. HP: 42/42 MP: 5/5
  1451 | D:2      | Reached skill level 4 in Polearms
  2583 | D:3      | Noticed Grinder
  2597 | D:3      | Killed Grinder
  2597 | D:3      | Reached skill level 5 in Polearms
  2597 | D:3      | Reached XP level 6. HP: 40/48 MP: 6/6
  2801 | D:4      | Reached XP level 7. HP: 40/54 MP: 7/7
  3064 | D:4      | Reached skill level 6 in Polearms
  3792 | D:5      | Entered Level 5 of the Dungeon
  3822 | D:5      | Found Poepp's General Store.
  3912 | D:5      | Noticed a two-headed ogre
  3936 | D:5      | Noticed Menkaure
  4141 | D:5      | Reached skill level 7 in Polearms
  4169 | D:4      | Killed Menkaure
  4169 | D:4      | Reached XP level 8. HP: 14/61 MP: 8/8
  4458 | D:5      | Found a staircase to the Ecumenical Temple.
  4497 | D:5      | Found a deep blue altar of Sif Muna.
  4538 | Temple   | Entered the Ecumenical Temple
  4550 | Temple   | Became a worshipper of Warmaster Okawaru
  4647 | D:5      | Found a hazy altar of Hepliaklqana.
  4656 | D:5      | Found a shattered altar of Ashenzari.
  4658 | D:5      | Found a burning altar of Makhleb.
  4822 | D:5      | Killed a two-headed ogre
  4822 | D:5      | Reached * piety under Okawaru
  4822 | D:5      | Reached skill level 5 in Fighting
  4822 | D:5      | Reached skill level 8 in Polearms
  4957 | D:6      | Reached skill level 9 in Polearms
  5027 | D:5      | Reached XP level 9. HP: 61/68 MP: 9/9
  5138 | D:6      | Reached ** piety under Okawaru
  5371 | D:6      | Noticed Blork the orc
  5394 | D:6      | Killed Blork the orc
  5900 | D:6      | Reached skill level 10 in Polearms
  5950 | D:6      | Found a snail-covered altar of Cheibriados.
  5976 | D:6      | Found an ornate altar of the Wu Jian Council.
  6748 | D:7      | Noticed Duvessa
  6748 | D:7      | Noticed Dowan
  6754 | D:7      | Killed Dowan
  6759 | D:7      | Killed Duvessa
  6799 | D:7      | Found an opulent altar of Gozag.
  7079 | D:8      | Reached *** piety under Okawaru
  7205 | D:8      | Reached skill level 11 in Polearms
  7299 | D:8      | Found a flagged portal.
  7363 | Bailey   | Entered a bailey
  7668 | D:8      | Noticed a two-headed ogre
  7676 | D:8      | Killed a two-headed ogre
  7676 | D:8      | Reached XP level 10. HP: 77/77 MP: 10/10
  7740 | D:8      | Reached **** piety under Okawaru
  7740 | D:8      | Received a gift from Okawaru
  8549 | D:8      | Found a staircase to the Lair.
  9100 | D:9      | Reached skill level 12 in Polearms
  9801 | D:9      | Reached ***** piety under Okawaru
  9801 | D:9      | Received a gift from Okawaru
  9930 | D:9      | Got a dazzling ring mail
  9941 | D:9      | Identified the +1 ring mail of the Townfolk {*Slow rC+ rN+} (You found it on level 9 of the Dungeon)
 10248 | D:10     | Entered Level 10 of the Dungeon
 10436 | D:10     | Noticed Urug
 10757 | D:10     | Noticed Joseph
 10765 | D:10     | Killed Joseph
 10895 | D:11     | Reached XP level 11. HP: 64/84 MP: 8/11
 10958 | D:11     | Found Doc Mimi's Jewellery Emporium.
 10966 | D:11     | Bought an uncursed ring of protection from fire for 375 gold pieces
 11013 | D:11     | Reached skill level 13 in Polearms
 12076 | D:10     | Killed Urug
 12144 | D:10     | Found a staircase to the Orcish Mines.
 12427 | Orc:1    | Entered Level 1 of the Orcish Mines
 12436 | Orc:1    | Received a gift from Okawaru
 12628 | Orc:2    | Entered Level 2 of the Orcish Mines
 13277 | Orc:2    | Noticed Maurice
 13311 | Orc:2    | Killed Maurice
 13730 | Orc:1    | Noticed an orc knight
 14201 | Orc:1    | Killed an orc knight
 14220 | Orc:2    | Reached skill level 14 in Polearms
 14917 | Orc:2    | Found a roughly hewn altar of Beogh.
 15071 | Orc:2    | Found Meimn's Gadget Emporium.
 15071 | Orc:2    | Noticed an orc knight
 15082 | Orc:2    | Killed an orc knight
 15087 | Orc:2    | Bought a wand of clouds (6) for 480 gold pieces
 15128 | Orc:2    | Noticed an orc sorcerer
 15128 | Orc:2    | Noticed an orc knight
 15128 | Orc:2    | Noticed a two-headed ogre
 15128 | Orc:2    | Noticed an orc sorcerer
 15134 | Orc:2    | Killed an orc sorcerer
 15139 | Orc:2    | Killed an orc sorcerer
 15143 | Orc:2    | Killed a two-headed ogre
 15159 | Orc:2    | Killed an orc knight
 15159 | Orc:2    | Received a gift from Okawaru
 15159 | Orc:2    | Reached ****** piety under Okawaru
 15204 | Orc:2    | Found Kodojuu's Gadget Shoppe.
 15204 | Orc:2    | Noticed an orc knight
 15212 | Orc:2    | Killed an orc knight
 15212 | Orc:2    | Reached XP level 12. HP: 78/94 MP: 12/12
 15282 | Orc:2    | Noticed a two-headed ogre
 15292 | Orc:2    | Killed a two-headed ogre
 16151 | Orc:2    | Found a staircase to the Elven Halls.
 16205 | Orc:2    | Reached skill level 15 in Polearms
 16797 | Orc:2    | Noticed an orc high priest
 16801 | Orc:2    | Killed an orc high priest
 16819 | Orc:2    | Noticed an orc warlord
 16833 | Orc:2    | Killed an orc warlord
 16894 | Orc:2    | Received a gift from Okawaru
 17411 | Orc:2    | Noticed an orc high priest
 17423 | Orc:2    | Killed an orc high priest
 17479 | Orc:2    | Noticed an orc high priest
 17495 | Orc:2    | Killed an orc high priest
 17596 | Orc:2    | Found a roughly hewn altar of Beogh.
 17611 | Orc:2    | Found Viqawneh's Gadget Shoppe.
 17642 | Orc:2    | Noticed an orc high priest
 17666 | Orc:2    | Killed an orc high priest
 17788 | Orc:2    | Found Mopon's Magic Scroll Boutique.
 17796 | Orc:2    | Bought a scroll of magic mapping for 45 gold pieces
 17796 | Orc:2    | Bought a scroll of enchant armour for 97 gold pieces
 17974 | Lair:1   | Entered Level 1 of the Lair of Beasts
 18196 | Lair:1   | Reached skill level 16 in Polearms
 18537 | Lair:1   | Gained mutation: You are in touch with the powers of death. [Mummy growth]
 18537 | Lair:1   | Reached XP level 13. HP: 36/103 MP: 11/13
 19418 | Lair:1   | Found the +8 mithril axe "Arga" {speed, MR+}
 19526 | Lair:2   | Found a labyrinth entrance.
 19543 | Lab      | Entered a labyrinth
 19804 | Lab      | Found an exit through the horrors of the Abyss.
 19890 | Lab      | Noticed a minotaur
 19899 | Lab      | Killed a minotaur
 19899 | Lab      | Reached skill level 10 in Fighting
 19903 | Lab      | Got a crude plate armour
 19903 | Lab      | Got a wavering tin ring
 19916 | Lab      | Identified the +15 plate armour of Masochism {rCorr} (You found it in a labyrinth)
 19940 | Lair:2   | Identified the ring of Qazlal's Generosity {rC+ Str+4} (You found it in a labyrinth)
 20086 | Lair:2   | Found a staircase to the Snake Pit.
 20219 | Lair:2   | Received a gift from Okawaru
 20996 | Lair:3   | Found a frozen archway.
 21014 | IceCv    | Entered an ice cave
 21345 | IceCv    | Reached skill level 17 in Polearms
 21542 | Lair:3   | Noticed Nergalle
 21554 | Lair:3   | Killed Nergalle
 21731 | Lair:3   | Received a gift from Okawaru
 22628 | Lair:4   | Found a staircase to the Swamp.
 22872 | Lair:4   | Reached XP level 14. HP: 111/111 MP: 14/14
 23335 | Lair:5   | Received a gift from Okawaru
 24248 | Lair:5   | Got a smelly plate armour
 24259 | Lair:5   | Identified the +10 plate armour of the Blessed Realm {rElec Str+4 Int+3} (You found it on level 5 of the Lair of Beasts)
 24421 | Lair:6   | Entered Level 6 of the Lair of Beasts
 24842 | Lair:6   | Found a viscous altar of Jiyva.
 24861 | Lair:5   | Reached skill level 18 in Polearms
 25564 | Lair:5   | Received a gift from Okawaru
 26278 | Lair:6   | Received a gift from Okawaru
 27367 | Lair:6   | Found a staircase to the Slime Pits.
 28022 | D:12     | Reached skill level 19 in Polearms
 28969 | D:13     | Reached XP level 15. HP: 117/119 MP: 15/15
 28974 | D:13     | Received a gift from Okawaru
 28977 | D:13     | Got an iridescent halberd {god gift}
 28978 | D:13     | Identified the +5 halberd of Action {elec, Dex+4} (Okawaru gifted it to you on level 13 of the Dungeon)
 30301 | D:14     | Found a gate to the Vaults.
 31047 | D:15     | Entered Level 15 of the Dungeon
 31322 | D:15     | Noticed Sonja
 31337 | D:15     | Received a gift from Okawaru
 31352 | D:15     | Killed Sonja
 32235 | D:15     | Found a staircase to the Depths.
 32572 | Snake:1  | Entered Level 1 of the Snake Pit
 32709 | Snake:1  | Found Ugryn's Food Emporium.
 32711 | Snake:1  | Found Pud Urun's Jewellery Shoppe.
 32713 | Snake:1  | Found Parphy's Magic Scroll Emporium.
 32721 | Snake:1  | Bought 2 scrolls of summoning for 247 gold pieces
 32721 | Snake:1  | Bought a scroll of torment for 97 gold pieces
 33173 | Snake:1  | Reached skill level 20 in Polearms
 33232 | Snake:1  | Found an ancient bone altar of Kikubaaqudgha.
 33378 | Snake:2  | Noticed a nagaraja
 33817 | Snake:2  | Reached XP level 16. HP: 83/132 MP: 16/16
 33850 | Snake:2  | Received a gift from Okawaru
 35272 | Snake:3  | Received a gift from Okawaru
 35276 | Snake:3  | Noticed microfolk's ghost (adept GrBe)
 35309 | Snake:3  | Killed microfolk's ghost
 35479 | Snake:3  | Found Niehimm's Weapon Shoppe.
 35484 | Snake:3  | Got a pair of spiked gloves {god gift}
 35495 | Snake:3  | Identified the +1 pair of gloves "Irhido" {*Contam rC++ Int+3 Stlth+} (Okawaru gifted it to you on level 3 of the Snake Pit)
 36314 | Snake:4  | Entered Level 4 of the Snake Pit
 37340 | Snake:4  | Noticed Kirke
 37353 | Snake:4  | Killed Kirke
 38033 | Snake:4  | Found a sparkling altar of Nemelex Xobeh.
 38138 | Snake:4  | Reached skill level 15 in Fighting
 38507 | Snake:4  | Received a gift from Okawaru
 39336 | Snake:4  | Reached skill level 21 in Polearms
 39532 | Snake:4  | Reached XP level 17. HP: 129/142 MP: 17/17
 40505 | Snake:4  | Received a gift from Okawaru
 40524 | Snake:4  | Got a serpentine rune of Zot
 40885 | Swamp:1  | Entered Level 1 of the Swamp
 41863 | Swamp:1  | Noticed Josephine
 41867 | Swamp:1  | Killed Josephine
 43531 | Swamp:2  | Received a gift from Okawaru
 44269 | Swamp:3  | Noticed Aizul
 44272 | Swamp:3  | Noticed Jorgrun
 44283 | Swamp:2  | Killed Aizul
 44628 | Swamp:3  | Killed Jorgrun
 45052 | Swamp:3  | Reached skill level 22 in Polearms
 45091 | Swamp:4  | Entered Level 4 of the Swamp
 45118 | Swamp:4  | Reached XP level 18. HP: 99/153 MP: 15/18
 45119 | Swamp:4  | Received a gift from Okawaru
 45944 | Swamp:4  | Noticed Bai Suzhen
 46016 | Swamp:3  | Killed from afar by Bai Suzhen

Skill      XL: |  1  2  3  4  5  6  7  8  9 10 11 12 13 14 15 16 17 |
---------------+----------------------------------------------------+-----
Polearms       | 2 3 5 7 9 11 12 14 16 17 19 20 21 22 | 22.1
Fighting       | 4 5 6 7 8 9 10 11 13 15 16 | 16.6
Armour         | |  2.4
Shields        | |  2.4

Action                   |  1- 3 |  4- 6 |  7- 9 | 10-12 | 13-15 | 16-18 || total
-------------------------+-------+-------+-------+-------+-------+-------++-------
Melee: Trident           |   162 |       |       |       |       |       ||   162
       Halberd           |       |   213 |   418 |   804 |   537 |   199 ||  2171
       Glaive            |       |       |       |   394 |  1226 |       ||  1620
       Bardiche          |       |       |       |       |       |   904 ||   904
Invok: Heroism           |       |       |     3 |    15 |    21 |    20 ||    59
       Finesse           |       |       |       |       |     1 |       ||     1
Evoke: Wand              |       |       |    26 |    14 |    30 |     2 ||    72
       Lamp of fire      |       |       |       |     1 |     1 |     1 ||     3
  Use: Scroll            |       |       |     8 |     1 |    14 |     9 ||    32
 Stab: Paralysed         |       |       |     6 |    26 |       |       ||    32
       Confused          |       |       |       |     7 |       |       ||     7
       Distracted        |       |       |       |       |     1 |       ||     1
Armor: Scale mail        |    63 |    71 |    22 |       |       |       ||   156
       Chain mail        |       |       |   143 |    39 |       |       ||   182
       Plate armour      |       |       |       |   429 |   966 |   743 ||  2138
Dodge: Dodged            |    49 |   116 |   196 |   352 |   711 |   446 ||  1870
       Deflected         |       |       |       |       |    22 |    59 ||    81
Block: Shield            |    82 |       |       |       |       |       ||    82
